 Dungeon Crawl Stone Soup version 0.22-a0-246-gdc04c06 (webtiles) character file.

727 RoseArtemis the Cudgeler (level 7, -7/62 HPs)
             Began as a Hill Orc Fighter on Feb 22, 2018.
             Mangled by a manticore (14 damage)
             ... on level 6 of the Dungeon.
             The game lasted 00:09:19 (5345 turns).

RoseArtemis the Cudgeler (Hill Orc Fighter)         Turns: 5345, Time: 00:09:20

Health: -7/62      AC: 16    Str: 26    XL:     7   Next: 72%
Magic:  7/7        EV:  5    Int:  8    God:
Gold:   232        SH: 10    Dex: 10    Spells: 6/6 levels left

rFire    . . .     SeeInvis +   a - +4 flail
rCold    . . .     Gourm    .   c - +0 shield
rNeg     . . .     Faith    .   q - +0 plate armour
rPois    .         Spirit   .   s - +0 helmet
rElec    .         Reflect  .   p - +0 cloak
rCorr    .         Harm     .   v - +0 pair of gloves
MR       +....                  (no boots)
Stlth    ..........             (no amulet)
HPRegen  0.20/turn              t - ring of see invisible
MPRegen  0.10/turn              A - ring of protection from magic

@: mighty, barbed spikes, flying
A: no striking features
a: no special abilities


You were on level 6 of the Dungeon.
You were hungry.

You visited 1 branch of the dungeon, and saw 6 of its levels.

You collected 368 gold pieces.
You spent 136 gold pieces at shops.

Inventory:

Hand Weapons
 a - a +4 flail (weapon)
Armour
 c - a +0 shield (worn)
 p - a +0 cloak (worn)
 q - a +0 plate armour (worn)
 s - a +0 helmet (worn)
 v - a +0 pair of gloves (worn)
Jewellery
 t - a ring of see invisible (left hand)
 z - a cursed ring of teleportation {unknown}
 A - a ring of protection from magic (right hand)
Scrolls
 i - a scroll of random uselessness {unknown}
 j - 2 scrolls of blinking {unknown}
 l - a scroll of fear {unknown}
 m - 2 scrolls of teleportation {unknown}
 o - 2 scrolls of fog {unknown}
 u - 4 scrolls of noise {unknown}
 y - 2 scrolls of remove curse {unknown}
Potions
 b - a potion of heal wounds {unknown}
 e - a potion of curing
 g - a potion of agility {unknown}
 h - 2 potions of magic {unknown}
 k - a potion of brilliance {unknown}
 n - a potion of flight
 w - a potion of degeneration {unknown}
 x - a potion of experience {unknown}
 B - a potion of berserk rage {unknown}
Comestibles
 f - 10 rations


   Skills:
 + Level 5.7 Fighting
 * Level 6.1 Maces & Flails
 + Level 5.2 Armour
 + Level 5.1 Shields


You had 6 spell levels left.
You didn't know any spells.

Dungeon Overview and Level Annotations

Branches:
Dungeon (6/15)
 Temple: D:4-7

Altars:
Dithmenos
Nemelex Xobeh
Okawaru
Trog
The Shining One

Shops:
D:4 %(

Annotations:
D:3 1 runed door


Message History

The volley of spikes hits you!
The barbed spikes become lodged in your body.
* * * LOW HITPOINT WARNING * * *
Things that are here:
a dire flail; a robe The barbs in your skin will harm you if you move.
Continue?
Okay, then.
You feel better.
You sock the manticore!
The manticore is heavily wounded.
The manticore bites you.
* * * LOW HITPOINT WARNING * * *
You block the manticore's attack.
The manticore claws you but does no damage.
You sock the manticore!
The manticore is severely wounded.
You block the manticore's attack. x2
The manticore claws you but does no damage.
The manticore bites you!
You die...

#
#.####################
....[.....H@.........##
.##....####...#......#
#..)†# #...#......#
#### #....#
#...#......##....
.........#
#...#......##....
##.#.....#
#...#......##.... .
#.#....
#...######.##....
#.#..... #...# #..#....
# #.....#
.#######)#....


You could see a manticore.

Vanquished Creatures
  3 wights (D:6)
  A jelly (D:6)
  A crimson imp (D:5)
  A centaur zombie (D:5)
  2 hounds (D:5)
  2 bullfrog skeletons
  A centaur skeleton (D:5)
  An iguana (D:4)
  A worker ant (D:5)
  6 orc wizards
  A worker ant zombie (D:5)
  3 adders
  An ooze (D:1)
  An adder zombie (D:4)
  4 worms
  6 leopard geckos
  18 orcs
  2 ball pythons
  5 hobgoblins
  2 jackals (D:3)
  5 kobolds
  6 quokkas
  2 bats (D:1)
  6 frilled lizards
  5 goblins
  7 rats
93 creatures vanquished.

Notes
Turn   | Place    | Note
-------+----------+-------------------------------------------
     0 | D:1      | RoseArtemis the Hill Orc Fighter began the quest for the Orb.
     0 | D:1      | Reached XP level 1. HP: 19/19 MP: 1/1
   267 | D:1      | Reached XP level 2. HP: 14/27 MP: 2/2
  1004 | D:2      | Reached XP level 3. HP: 33/33 MP: 3/3
  1051 | D:2      | Reached skill level 3 in Maces & Flails
  1834 | D:2      | Found a shadowy altar of Dithmenos.
  1835 | D:2      | Found an iron altar of Okawaru.
  1890 | D:3      | Reached XP level 4. HP: 40/40 MP: 4/4
  2125 | D:3      | Found a runed door.
  2125 | D:3      | Noticed an angel
  2133 | D:3      | Found a glowing golden altar of the Shining One.
  2823 | D:4      | Reached skill level 4 in Maces & Flails
  2823 | D:4      | Reached XP level 5. HP: 24/47 MP: 5/5
  2856 | D:4      | Found Memutaw's Antique Weapon Emporium.
  2979 | D:4      | Bought a glowing flail for 136 gold pieces
  3110 | D:4      | Found a sparkling altar of Nemelex Xobeh.
  3144 | D:4      | Found Beetuab's Food Shoppe.
  3584 | D:4      | Reached XP level 6. HP: 34/55 MP: 6/6
  3739 | D:5      | Entered Level 5 of the Dungeon
  4086 | D:5      | Reached skill level 5 in Fighting
  4242 | D:5      | Reached skill level 5 in Maces & Flails
  4382 | D:5      | Reached XP level 7. HP: 61/61 MP: 7/7
  4465 | D:5      | Found a bloodstained altar of Trog.
  5106 | D:6      | Reached skill level 5 in Armour
  5106 | D:6      | Reached skill level 5 in Shields
  5195 | D:6      | Reached skill level 6 in Maces & Flails
  5323 | D:6      | Noticed a manticore
  5342 | D:6      | HP: 3/62 [manticore/volley of spikes (6)]
  5345 | D:6      | Mangled by a manticore

Vault maps used:
D:1:      minmay_arrival_stone_box
D:2:      nicolae_overflow_hidden_temple
D:3:      minmay_strange_pillars, lemuel_angel_altar
D:4:      serial_shops, nicolae_shop_trees, nicolae_shop_trees, first_ration,
          lemuel_statue_altar
D:5:      trog_butcher_becter
D:6:      minmay_temple_entry_junction

Skill      XL: |  1  2  3  4  5  6  7 |
---------------+----------------------+-----
Fighting       | 4 5 |  5.7
Maces & Flails | 3 4 5 6 |  6.1
Armour         | 4 5 |  5.2
Shields        | 4 5 |  5.1

Action                   |  1- 3 |  4- 6 |  7- 9 || total
-------------------------+-------+-------+-------++-------
Melee: Flail             |   116 |   161 |    97 ||   374
  Use: Scroll            |       |     4 |       ||     4
       Potion            |       |       |     3 ||     3
  Eat: Chunk             |     3 |     8 |     3 ||    14
Armor: Scale mail        |    51 |    14 |       ||    65
       Plate armour      |       |    82 |    66 ||   148
Dodge: Dodged            |    29 |    25 |    16 ||    70
Block: Shield            |    61 |    89 |    49 ||   199

Table legend:
 A = Spawn XP
 B = Non-spawn XP
 C = Spawn XP percentage of total XP
 D = Spawn monster count
 E = Non-spawn monster count
 F = Spawn count percentage of total count
 G = Total turns spent on level
                    A         B        C        D         E        F      G
               +---------+---------+-------+---------+---------+-------+---------
         Total |       0 |    1039 |   0.0 |       0 |      93 |   0.0 |  5345
               +---------+---------+-------+---------+---------+-------+---------
           D:1 |       0 |      33 |   0.0 |       0 |      19 |   0.0 |   959
           D:2 |       0 |      48 |   0.0 |       0 |      11 |   0.0 |   922
           D:3 |       0 |      25 |   0.0 |       0 |      12 |   0.0 |   799
           D:4 |       0 |     244 |   0.0 |       0 |      17 |   0.0 |  1074
           D:5 |       0 |     387 |   0.0 |       0 |      17 |   0.0 |  1101
           D:6 |       0 |     302 |   0.0 |       0 |      17 |   0.0 |   490
               +---------+---------+-------+---------+---------+-------+---------
